 Dungeon Crawl Stone Soup version 0.27-a0-869-g165b36e3f0 (webtiles) character file.

Game seed: 9666487648344029115

1 mhtbhm the Shield-Bearer (level 1, 0/20 HPs)
             Began as a Minotaur Fighter on Apr 3, 2021.
             Slain by an adder (4 damage)
             ... on level 2 of the Dungeon.
             The game lasted 00:00:08 (72 turns).

mhtbhm the Shield-Bearer (Minotaur Fighter)           Turns: 72, Time: 00:00:09

Health: 0/20       AC:  6    Str: 20    XL:     1   Next: 16%
Magic:  0/0        EV:  7    Int:  5    God:
Gold:   0          SH:  9    Dex:  9    Spells: 0/0 levels left

rFire    . . .     SeeInvis .   a - +0 war axe
rCold    . . .     Faith    .   c - +0 kite shield
rNeg     . . .     Spirit   .   b - +0 scale mail
rPois    .         Reflect  .   (helmet restricted)
rElec    .         Harm     .   (no cloak)
rCorr    .         Rampage  .   (no gloves)
Will     .....                  (no boots)
Stlth    ..........             (no amulet)
HPRegen  0.06/turn              (no ring)
MPRegen  0.07/turn              (no ring)

@: mighty, lethally poisoned (0 -> -15)
A: horns 2, retaliatory headbutt
a: no special abilities


You were on level 2 of the Dungeon.
You visited 1 branch of the dungeon, and saw 2 of its levels.

Inventory:

Hand Weapons
 a - a +0 war axe (weapon)
Armour
 b - a +0 scale mail (worn)
 c - a +0 kite shield (worn)
Scrolls
 e - a scroll of noise {unknown}


   Skills:
 + Level 3.6 Fighting
 + Level 2.4 Axes
 + Level 3.6 Armour
 + Level 3.6 Shields


You couldn't memorise any spells.
You didn't know any spells.
Your spell library was empty.

Dungeon Overview and Level Annotations

Branches:
Dungeon (2/15)

Altars:


Innate Abilities, Weirdness & Mutations

You have a pair of horns on your head.
You reflexively headbutt those who attack you in melee.


Message History

The adder bites you. x2
You barely miss the adder. Your headbutt misses the adder.
The adder is moderately wounded.
The adder bites you. The adder bites you but does no damage.
You closely miss the adder. Your headbutt misses the adder.
The adder is moderately wounded.
The adder barely misses you. The adder bites you but does no damage.
You barely miss the adder.
The adder is moderately wounded.
The adder bites you but does no damage. The adder barely misses you.
The adder bites you but does no damage.
Unknown command.
You completely miss the adder.
The adder is moderately wounded.
You block the adder's attack. The adder bites you but does no damage.
You closely miss the adder.
The adder is moderately wounded.
You block the adder's attack. x2
You closely miss the adder.
The adder is moderately wounded.
The adder bites you but does no damage. You block the adder's attack.
You miss the adder. Your headbutt misses the adder.
The adder is moderately wounded.
You block the adder's attack. The adder bites you.
You are poisoned.
The adder poisons you!
You barely miss the adder.
The adder is moderately wounded.
* * * LOW HITPOINT WARNING * * *
You feel sick. The adder bites you but does no damage.
You block the adder's attack.
You closely miss the adder. Your headbutt misses the adder.
The adder is moderately wounded.
* * * LOW HITPOINT WARNING * * *
You feel sick. The adder closely misses you.
The adder bites you but does no damage.
Unknown command.
You feel very mighty all of a sudden.
You feel sick. The adder barely misses you. The adder bites you.
You die...

####### ###.......
#...$..... #........(
###############.........
....<...........@S......
############.#.##.######
#.#.# .# ..... .#
##.####.# #S# .# ... ..
##.. .# ###


You could see an adder.

Vanquished Creatures
  A ball python (D:2)
1 creature vanquished.

Notes
Turn   | Place    | Note
-------+----------+-------------------------------------------
     0 | D:1      | mhtbhm the Minotaur Fighter began the quest for the Orb.
     0 | D:1      | Reached XP level 1. HP: 19/19 MP: 0/0
    11 | D:1      | You fall into a shaft and drop 1 floor!
    72 | D:2      | Slain by an adder

Illustrated notes

Levels and vault maps discovered:
D:1:      dpeg_arrival_simpleton_b, layout_rooms
D:2:      layout_basic

Action                   || total
-------------------------++-------
Melee: War axe           ||    17
  Use: Potion            ||     1
Armor: Scale mail        ||    18
Dodge: Dodged            ||     9
Block: Kite shield       ||     8

Table legend: (Time is in decaauts)
 A = Elapsed time spent in this place.
 B = Non-inter-level travel time spent in this place.
 C = Inter-level travel time spent in this place.
 D = Time resting spent in this place.
 E = Time spent auto-exploring this place.
 F = Levels seen in this place.
 G = Mean time per level.
                   A        B        C        D        E       F      G
               +--------+--------+--------+--------+--------+-----+--------+
         Total |     82 |     82 |      0 |      0 |     50 |   2 |   41.0 |
       Dungeon |     82 |     82 |      0 |      0 |     50 |   2 |   41.0 |
               +--------+--------+--------+--------+--------+-----+--------+

Top non-repeatable levels by time:
     D:2: 71 daAuts
     D:1: 11 daAuts
